 Dungeon Crawl Stone Soup version 0.31-a0-799-g6bc09d010c (webtiles) character file.

Game seed: 15523790920176708648

78 Essalna the Conjurer (level 4, 30/30 HPs)
             Began as a Demonspawn Conjurer on Sept 19, 2023.
             Got out of the dungeon alive.
             The game lasted 00:01:53 (1396 turns).

Essalna the Conjurer (Demonspawn Conjurer)          Turns: 1396, Time: 00:01:53

Health: 30/30      AC:  2    Str:  7    XL:     4   Next: 15%
Magic:  8/8        EV: 12    Int: 22    God:
Gold:   88         SH:  4    Dex: 11    Spells: 6/9 levels left

rFire   . . .        d - +0 dagger (drain)
rCold   . . .        (no shield)
rNeg    . . .        a - +0 robe
rPois   .            (no helmet)
rElec   .            (no cloak)
rCorr   .            (no gloves)
SInv    .            (no boots)
Will    .....        (no amulet)
Stlth   ++           (no ring)
HPRegen 0.25/turn    (no ring)
MPRegen 0.11/turn

%: no passive effects
@: no status effects
A: large bone plates 1, demonic touch 1
a: no special abilities


You escaped.
You visited 1 branch of the dungeon, and saw 2 of its levels.

You collected 88 gold pieces.

Inventory:

Hand Weapons
 d - a +0 dagger of draining (weapon)
Armour
 a - a +0 robe (worn)
 e - a +0 ring mail of willpower
Jewellery
 f - a ring of see invisible
 k - an amulet of faith
Scrolls
 c - a scroll of blinking {unknown}
 g - a scroll of immolation {unknown}
 h - 2 scrolls of enchant armour {unknown}
 i - 3 scrolls of teleportation {unknown}
 j - a scroll of identify {unknown}
 m - a scroll of torment {unknown}
Potions
 b - a potion of magic
 l - a potion of enlightenment {unknown}


   Skills:
 - Level 1.7 Dodging
 - Level 1.7 Stealth
 + Level 3.2 Spellcasting
 + Level 4.9 Conjurations


You had 6 spell levels left.
You knew the following spells:

 Your Spells              Type           Power      Damage    Failure   Level
a - Magic Dart            Conj           100%       1d8       1%          1
b - Searing Ray           Conj           50%        2d6       2%          2

Your spell library contained the following spells:

 Spells                   Type           Power      Damage    Failure   Level
 Momentum Strike          Conj/Tloc      28%        3d8       7%          2
 Dazzling Flash           Conj/Hex       28%        N/A       13%         3
 Blink                    Tloc           6%         N/A       19%         2
 Lesser Beckoning         Tloc           6%         N/A       19%         2
 Fulminant Prism          Conj/Hex       7%         3d7       41%         4
 Iskenderun's Mystic Bla  Conj/Tloc      14%        2d5       41%         4


Dungeon Overview and Level Annotations

Branches:
Dungeon (2/15)

Altars:


Innate Abilities, Weirdness & Mutations

You are partially covered in large bone plates. (SH +4)
Your touch may inflict minor irresistible damage on your foes.


Message History

Found a robe.
You see here a +3 mace.
There is an escape hatch in the floor here.
Natasha, Servant of Life and Death comes into view.
Natasha is nearby!
The magic dart hits Natasha.
Natasha is lightly wounded.
Natasha hisses angrily.
The magic dart hits Natasha.
Natasha is moderately wounded.
Natasha casts a spell at you.
You feel yourself slow down.
The magic dart hits Natasha.
Natasha is moderately wounded.
The magic dart hits Natasha.
Natasha is severely wounded.
Natasha closely misses you.
Casting: Magic Dart (safe; 1% risk of failure)
Confirm with . or Enter, or press ? or * to list all spells.
Aiming: Searing Ray (safe; 2% risk of failure)
Press: ? - help, Shift-Dir - straight line, f/p - Natasha
Aim: Natasha (severely wounded, 72% to hit)
The searing ray hits Natasha.
Natasha is almost dead. (Press . to maintain the ray.) Natasha claws you!
The searing ray hits Natasha.
You kill Natasha!
Natasha growls in agony!
You have reached level 4!
You feel clever.
Your demonic ancestry asserts itself...
Your hands begin to faintly glow with unholy energy.
You feel yourself speed up.
Key pressed, stopping explore.
There is an escape hatch in the ceiling here.
A mysterious force pulls you upwards. The hatch slams shut behind you.
The swamp drake roars!
The komodo dragon hisses angrily.
The black bear growls angrily.
There is a staircase leading out of the dungeon here.
You have escaped!

.# #.....## #..# .# #......# #.##
.# ###.##.# ##.# .# #.##.# ###..#
.##########.#### ..... #..)###
...............# .8.8.###......
.####.....#.#### .....######## .#
##.......###### ...8##...## .#
#...###.....#@#..###..###...## .#
#.### ##.####.#..#l#..)##.#... .#
#.# #.####.#..#B#..8##.####
####.# #....#.#..#k#......####
..##.# ##.####.#..#h#..8####...
..##.# #..# #.#..#h#...####...
..##.# #..# #.#..###..##..#...
..##.#####..####........8###.....
...............#.........# ###...


There were no monsters in sight!

Vanquished Creatures
  Natasha (twice) (D:2)
  6 ball pythons
  2 endoplasms
  2 giant cockroaches (D:1)
  A goblin (D:1)
  A hobgoblin (D:1)
  6 jackals (D:1)
  2 quokkas
  3 frilled lizards
  A kobold (D:2)
26 creatures vanquished.

Notes
Turn   | Place    | Note
-------+----------+-------------------------------------------
     0 | D:1      | Essalna the Demonspawn Conjurer began the quest for the
                  | Orb.
     0 | D:1      | Reached XP level 1. HP: 13/13 MP: 3/3
     6 | D:1      | Noticed a komodo dragon
     6 | D:1      | Noticed a wolf
     7 | D:1      | Noticed a black bear
     7 | D:1      | Noticed a swamp drake
   276 | D:1      | Gained mutation: You are partially covered in large bone
                  | plates. (SH +4) [demonic ancestry]
   276 | D:1      | Reached XP level 2. HP: 19/19 MP: 3/5
  1051 | D:2      | Noticed Natasha
  1056 | D:2      | Killed Natasha
  1057 | D:2      | Reached XP level 3. HP: 24/24 MP: 0/7
  1185 | D:2      | Learned a level 2 spell: Searing Ray
  1261 | D:2      | Noticed Natasha
  1267 | D:2      | Killed Natasha
  1268 | D:2      | Gained mutation: Your touch may inflict minor irresistible
                  | damage on your foes. [demonic ancestry]
  1268 | D:2      | Reached XP level 4. HP: 22/30 MP: 0/8
  1396 | D:$      | Got out of the dungeon alive.

Illustrated notes

Levels and vault maps discovered:
D:1:      onia_arrival_zoo_common, layout_rooms
D:2:      layout_rooms, minmay_strange_pillars, uniq_jessica, uniq_natasha

Skill      XL: |  1  2 |
---------------+-------+-----
Spellcasting   | 3 |  3.2
Dodging        | |  1.7
Stealth        | |  1.7
Conjurations   | |  4.9

Action                     |  1- 3 |  4- 6 || total
---------------------------+-------+-------++-------
  Melee: Dagger            |    38 |       ||    38
   Cast: Magic Dart        |    53 |       ||    53
         Searing Ray       |     1 |       ||     1
 Armour: Robe              |    28 |       ||    28
  Dodge: Dodged            |    35 |       ||    35
  Block: Other             |    12 |       ||    12

Table legend: (Time is in decaauts)
 A = Elapsed time spent in this place.
 B = Non-inter-level travel time spent in this place.
 C = Inter-level travel time spent in this place.
 D = Time resting spent in this place.
 E = Time spent auto-exploring this place.
 F = Levels seen in this place.
 G = Mean time per level.
                   A        B        C        D        E       F      G
               +--------+--------+--------+--------+--------+-----+--------+
         Total |   1400 |   1349 |     51 |      0 |   1162 |   2 |  700.0 |
       Dungeon |   1400 |   1349 |     51 |      0 |   1162 |   2 |  700.0 |
               +--------+--------+--------+--------+--------+-----+--------+

Top non-repeatable levels by time:
     D:1: 767 daAuts
     D:2: 632 daAuts
